 Dungeon Sprint DCSS version 0.30.0-29-ga12c61a403 (webtiles) character file.

Game seed: 7132268555915967517

566 Groucho the Blocker (level 7, -13/70 HPs)
             Began as a Minotaur Fighter on June 24, 2023.
             Was a Follower of Makhleb.
             Mangled by a komodo dragon (16 damage)
             ... in the Dungeon (Sprint IX: "|||||||||||||||||||||||||||||").
             The game lasted 00:01:47 (242 turns).

Groucho the Blocker (Minotaur Fighter)               Turns: 242, Time: 00:01:47

Health: -13/70     AC: 15    Str: 22    XL:     7   Next: 10%
Magic:  7/9        EV: 10    Int:  5    God:    Makhleb [*.....]
Gold:   0          SH:  6    Dex: 10    Spells: 6/6 levels left

rFire   . . .        n - +1 broad axe (elec)
rCold   . . .        c - +0 buckler
rNeg    . . .        p - +0 plate armour
rPois   .            (helmet restricted)
rElec   .            (no cloak)
rCorr   .            (no gloves)
SInv    .            a - +0 pair of boots
Will    .....        (no amulet) Stlth
                     b - +2 ring of evasion
HPRegen 0.31/turn    q - +2 ring of evasion
MPRegen 0.11/turn

%: no teleportation
@: no status effects
A: horns 2, retaliatory headbutt
a: Renounce Religion


You were in the Dungeon.
You worshipped Makhleb.
Makhleb was aware of your devotion.
You visited 1 branch

Inventory:

Hand Weapons
 n - a +1 broad axe of electrocution (weapon)
 o - a +2 scimitar of flaming
Armour
 a - a +0 pair of boots (worn)
 c - a +0 buckler (worn)
 p - a +0 plate armour (worn)
Jewellery
 b - a +2 ring of evasion (left hand)
 q - a +2 ring of evasion (right hand)
Wands
 m - a wand of light (7)
Scrolls
 l - 2 scrolls of amnesia
Potions
 d - a potion of might
 e - a potion of invisibility
 g - a potion of haste
 h - 4 potions of magic
 i - a potion of berserk rage
 k - 2 potions of curing


   Skills:
 + Level 9.4 Fighting
 + Level 9.0 Axes
 + Level 9.4 Armour
 + Level 9.4 Shields
 + Level 4.9 Invocations


You had 6 spell levels left.
You didn't know any spells.
Your spell library was empty.

Dungeon Overview and Level Annotations

Branches:
Dungeon (1/1)

Altars:
Cheibriados
Dithmenos
Elyvilon
Fedhas
Gozag
Hepliaklqana
Kikubaaqudgha
Makhleb
Nemelex Xobeh
Okawaru
Qazlal
Ru
Sif Muna
Trog
Uskayaw
Vehumet
Wu Jian
Xom
Yredelemnul
Zin
The Shining One
Jiyva
Lugonu


Innate Abilities, Weirdness & Mutations

You have a pair of horns on your head.
You reflexively headbutt those who attack you in melee.


Message History

Your Axes skill increases to level 9!
You have reached level 7!
Unknown command.
Press < or > to pray at altars.
Unknown command.
Press < or > to pray at altars.
Aiming: Bolt of Light
Press: ? - help, Shift-Dir - straight line, f - komodo dragon
Aim: a komodo dragon (moderately wounded, blind, 79% to hit)
The bolt of light hits the komodo dragon!
The komodo dragon is heavily wounded.
Unknown command.
Press < or > to pray at altars.
Unknown command.
Press < or > to pray at altars.
Unknown command.
Press < or > to pray at altars.
You hit the komodo dragon.
The komodo dragon is severely wounded.
The komodo dragon bites you but does no damage.
You hit the komodo dragon but do no damage.
The komodo dragon is severely wounded.
The komodo dragon bites you!
* * * LOW HITPOINT WARNING * * *
The komodo dragon misses you.
Unknown command.
Press < or > to pray at altars.
Unknown command.
Press < or > to pray at altars.
You barely miss the komodo dragon.
The komodo dragon is severely wounded.
The komodo dragon bites you but does no damage.
Unknown command.
Press < or > to pray at altars.
Unknown command.
Press < or > to pray at altars.
You hit the komodo dragon.
The komodo dragon is severely wounded.
The komodo dragon is no longer blind.
The komodo dragon bites you!
You die... ▓▓▓▓▓▓▓▓▓▓▓▓▓▓▓▓▓▓▓▓▓▓▓▓▓▓▓▓▓▓▓▓▓ ...)...).'_____l@________________ ▓▓▓▓▓▓▓▓▓▓▓▓▓▓▓▓▓▓▓▓▓▓▓▓▓▓▓▓▓▓▓▓▓

You could see a komodo dragon.

Vanquished Creatures
  A yak (D)
  An acid dragon (D)
  A centaur (D)
  A phantom (D)
  A kobold brigand (D)
  A howler monkey (D)
  A hound (D)
  An orc wizard (D)
  An adder (D)
  A worm (D)
  A giant cockroach (D)
  2 hobgoblins (D)
  A ball python (D)
  A goblin (D)
15 creatures vanquished.

Notes
Turn   | Place    | Note
-------+----------+-------------------------------------------
     0 | D        | Groucho the Minotaur Fighter began the quest for the Orb.
     0 | D        | Reached XP level 1. HP: 19/19 MP: 0/0
    21 | D        | Noticed an orc wizard
    21 | D        | Noticed a phantom
    21 | D        | Noticed a hound
    28 | D        | Reached XP level 2. HP: 28/28 MP: 1/1
    51 | D        | Reached skill level 5 in Fighting
    51 | D        | Reached skill level 5 in Armour
    51 | D        | Reached skill level 5 in Shields
    51 | D        | Reached XP level 3. HP: 36/36 MP: 2/2
    55 | D        | Killed a phantom
    56 | D        | Reached XP level 4. HP: 31/45 MP: 3/3
    62 | D        | Reached XP level 5. HP: 38/52 MP: 4/4
    70 | D        | Found a snail-covered altar of Cheibriados.
    70 | D        | Found a shadowy altar of Dithmenos.
    70 | D        | Found a white marble altar of Elyvilon.
    70 | D        | Found a blossoming altar of Fedhas.
    70 | D        | Found an opulent altar of Gozag.
    71 | D        | Found a hazy altar of Hepliaklqana.
    72 | D        | Found a viscous altar of Jiyva.
    73 | D        | Found an ancient bone altar of Kikubaaqudgha.
    74 | D        | Found a corrupted altar of Lugonu.
    75 | D        | Found a burning altar of Makhleb.
    76 | D        | Found a sparkling altar of Nemelex Xobeh.
    77 | D        | Found an iron altar of Okawaru.
    78 | D        | Found a stormy altar of Qazlal.
    79 | D        | Found a sacrificial altar of Ru.
    80 | D        | Found a shimmering blue altar of Sif Muna.
    81 | D        | Found a bloodstained altar of Trog.
    82 | D        | Found a hide-covered altar of Uskayaw.
    83 | D        | Became a worshipper of Makhleb the Destroyer
   112 | D        | Found a radiant altar of Vehumet.
   113 | D        | Found an ornate altar of the Wu Jian Council.
   114 | D        | Found a shimmering altar of Xom.
   115 | D        | Found a basalt altar of Yredelemnul.
   116 | D        | Found a glowing silver altar of Zin.
   117 | D        | Found a glowing golden altar of the Shining One.
   166 | D        | Noticed an acid dragon
   166 | D        | Noticed a komodo dragon
   166 | D        | Noticed a yak
   166 | D        | Noticed a centaur
   177 | D        | Killed an acid dragon
   223 | D        | Reached XP level 6. HP: 28/62 MP: 5/7
   227 | D        | Reached * piety under Makhleb
   237 | D        | Killed a yak
   238 | D        | Reached XP level 7. HP: 8/70 MP: 6/9
   240 | D        | HP: 3/70 [komodo dragon (7)]
   242 | D        | Mangled by a komodo dragon

Illustrated notes

Levels and vault maps discovered:
D:        linesprint [early_d, line_temple, items_1, d_10, items_2, lair_1,
          lair_end, items_3, orc_1, orc_end, items_4, d_15, swamp_1, shoals_1,
          snake_1, spider_1, d_20, vaults_1, items_5, swamp_end, shoals_end,
          snake_end, spider_end, vaults_end, d_27, items_6, zot_1, zot_end,
          crypt_end, forest_end, elf_end, slime_end, tomb_end, abyss_end,
          pan_hell_end]

Skill      XL: |  1  2  3  4  5  6 |
---------------+-------------------+-----
Fighting       | 4 5 6 7 8 9 |  9.4
Armour         | 4 5 6 7 8 9 |  9.4
Shields        | 4 5 6 7 8 9 |  9.4
Axes           | 3 4 6 7 9 |  9.0
Invocations    | 3 4 |  4.9

Action                     |  1- 3 |  4- 6 |  7- 9 || total
---------------------------+-------+-------+-------++-------
  Melee: War axe           |    40 |     6 |       ||    46
         Headbutt          |     5 |     9 |       ||    14
         Broad axe         |       |    17 |     4 ||    21
  Evoke: Wand              |       |     2 |     1 ||     3
    Use: Potion            |     2 |     4 |       ||     6
         Scroll            |       |     2 |       ||     2
 Armour: Scale mail        |    21 |     3 |       ||    24
         Plate armour      |       |    10 |     2 ||    12
  Dodge: Dodged            |     8 |    14 |     1 ||    23
  Block: Buckler           |     8 |     8 |       ||    16
